 Dungeon Crawl Stone Soup version 0.26.1-11-gd32895ea62 (webtiles) character file.

Game seed: 2956073068012886834

35 Exodus22XD the Chopper (level 3, -1/33 HPs)
             Began as a Hill Orc Monk on May 9, 2021.
             Was a Believer of Beogh.
             Slain by an orc
             ... wielding a +0 whip
              (8 damage)
             ... while paralysed by Grinder
             ... on level 3 of the Dungeon.
             The game lasted 00:01:34 (825 turns).

Exodus22XD the Chopper (Hill Orc Monk)               Turns: 825, Time: 00:01:35

Health: -1/33      AC:  2    Str: 14    XL:     3   Next: 33%
Magic:  3/3        EV:  2    Int: 10    God:    Beogh [**....]
Gold:   29         SH:  0    Dex: 13    Spells: 2/2 levels left

rFire    . . .     SeeInvis .   a - +0 hand axe
rCold    . . .     Faith    .   (no shield)
rNeg     . . .     Spirit   .   b - +0 robe
rPois    .         Reflect  .   (no helmet)
rElec    .         Harm     .   (no cloak)
rCorr    .         Rampage  .   (no gloves)
Will     .....                  (no boots)
Stlth    ++........             (no amulet)
HPRegen  0.11/turn              (no ring)
MPRegen  0.08/turn              (no ring)

@: paralysed
A: no striking features
a: Renounce Religion, Smiting


You were on level 3 of the Dungeon.
You worshipped Beogh.
Beogh was pleased with you.
You visited 1 branch of the dungeon, and saw 3 of its levels.

You collected 29 gold pieces.

Inventory:

Hand Weapons
 a - a +0 hand axe (weapon)
Armour
 b - a +0 robe (worn)


   Skills:
 + Level 4.2 Fighting
 + Level 4.7 Axes
 * Level 1.3 Armour
 - Level 2.4 Dodging
 - Level 1.5 Stealth
 * Level 0.3 Invocations


You had 2 spell levels left.
You didn't know any spells.
Your spell library was empty.

Dungeon Overview and Level Annotations

Branches:
Dungeon (2/15)

Altars:
Nemelex Xobeh

Annotations:
D:3 Grinder


Message History

Grinder gestures at you. You resist with significant effort.
You barely miss Grinder.
Grinder is almost dead.
Grinder gestures at you.
You suddenly lose the ability to move!
Grinder blinks! x2
The orc shouts!
You can move again.
You aren't carrying any potions.
As you read the scroll labelled QUSIGO DUPOH, it crumbles to dust.
You feel blessed for a moment.
It was a scroll of remove curse.
Grinder blinks!
As you read the scroll labelled XUURHO IFIRCH, it crumbles to dust.
It is a scroll of identify.
You don't have any unidentified items.
Grinder gestures at you.
You suddenly lose the ability to move!
Found a dagger.
The orc hits you with a +0 whip!
You die...
Beogh appreciates the orc's killing of a heretic priest.

. ... #######
.....#.....##
......5@....#
.....o.o[....#
.............#
).$..........#
.............#
.............#
.!....o......#
............##


You could see Grinder, an orc, a neutral orc priest (wandering) and a neutral
orc (wandering).

Vanquished Creatures
  An adder (D:3)
  A dart slug (D:1)
  A leopard gecko (D:1)
  An orc (D:3)
  A giant cockroach (D:1)
  A goblin (D:2)
  6 hobgoblins (D:1)
  3 kobolds
  2 bats (D:1)
  2 rats
19 creatures vanquished.

Vanquished Creatures (others)
  A goblin (D:3)
  5 toadstools (D:1)
6 creatures vanquished.

Grand Total: 25 creatures vanquished

Notes
Turn   | Place    | Note
-------+----------+-------------------------------------------
     0 | D:1      | Exodus22XD the Hill Orc Monk began the quest for the Orb.
     0 | D:1      | Reached XP level 1. HP: 19/19 MP: 1/1
   112 | D:1      | Found a sparkling altar of Nemelex Xobeh.
   139 | D:1      | Reached XP level 2. HP: 27/27 MP: 2/2
   376 | D:1      | Reached skill level 1 in Armour
   778 | D:2      | You fall into a shaft and drop 1 floor!
   779 | D:3      | Noticed Grinder
   783 | D:3      | Became a worshipper of Beogh the Brigand
   783 | D:3      | Reached * piety under Beogh
   783 | D:3      | Reached ** piety under Beogh
   786 | D:3      | Paralysed by Grinder for 3 turns
   787 | D:3      | Reached XP level 3. HP: 33/33 MP: 3/3
   797 | D:3      | Paralysed by Grinder for 6 turns
   817 | D:3      | Paralysed by Grinder for 5 turns
   824 | D:3      | Paralysed by Grinder for 2 turns
   825 | D:3      | Slain by an orc

Illustrated notes

Levels and vault maps discovered:
D:1:      ldierk_walled_garden, layout_loops_ring, minmay_misc_feat_tiny,
          minivault_14, kennysheep_flooded_box,
          nemelex_xobeh_ov_fountains_minmay
D:2:      layout_rooms
D:3:      layout_rooms, lemuel_crystal_altar, grunt_temple_overflow_cloverleaf,
          grunt_dithmenos_smoke, saegor_snake_ambush, uniq_grinder

Skill      XL: |  1  2 |
---------------+-------+-----
Fighting       | 4 |  4.2
Armour         | 1 |  1.3
Axes           | |  4.7
Dodging        | |  2.4
Stealth        | |  1.5
Invocations    | |  0.3

Action                   || total
-------------------------++-------
Melee: Hand axe          ||    59
Invok: Convert to Beogh  ||     1
  Use: Potion            ||     1
       Scroll            ||     2
 Stab: Sleeping          ||     1
Armor: Robe              ||     4
       Skin              ||    30
Dodge: Dodged            ||    31
